 Dungeon Crawl Stone Soup version 0.31-a0-1019-g3dd9dd1025 (webtiles) character file.

Game seed: 2553582559876065436

98 Ivernyr the Shield-Bearer (level 5, -2/42 HPs)
             Began as a Formicid Fighter on Nov 17, 2023.
             Killed by divine providence
             ... invoked by an orc priest
              (17 damage)
             ... on level 3 of the Dungeon.
             The game lasted 00:04:44 (1517 turns).

Ivernyr the Shield-Bearer (Formicid Fighter)        Turns: 1517, Time: 00:04:45

Health: -2/42      AC: 11    Str: 23    XL:     5   Next: 0%
Magic:  5/5        EV:  9    Int:  7    God:
Gold:   140        SH:  5    Dex: 13    Spells: 4/4 levels left

rFire   . . .        a - +0 quarterstaff
rCold   . . .        c - +0 buckler
rNeg    . . .        b - +0 scale mail
rPois   .            (helmet unavailable)
rElec   .            h - +1 cloak
rCorr   .            f - +1 pair of gloves
SInv    +            (no boots)
Will    .....        (no amulet) Stlth
                     (no ring)
HPRegen 0.27/turn    (no ring)
MPRegen 0.09/turn

%: no passive effects
@: no status effects
A: permanent stasis, dig shafts and tunnels, antennae 3, four strong arms
a: Dig, Shaft Self


You were on level 3 of the Dungeon.
You visited 1 branch of the dungeon, and saw 3 of its levels.

You collected 140 gold pieces.

Inventory:

Hand Weapons
 a - a +0 quarterstaff (weapon)
Armour
 b - a +0 scale mail (worn)
 c - a +0 buckler (worn)
 f - a +1 pair of gloves (worn)
 h - a +1 cloak (worn)
Jewellery
 m - a ring of ice
 n - a ring of fire
Wands
 q - a wand of charming (7)
Scrolls
 j - a scroll of immolation {unknown}
 k - 2 scrolls of enchant armour {unknown}
 l - a scroll of teleportation {unknown}
 o - a scroll of amnesia {unknown}
Potions
 d - 2 potions of might
 e - a potion of haste {unknown}
 g - a potion of brilliance {unknown}
 i - 2 potions of cancellation {unknown}
 p - a potion of attraction {unknown}


   Skills:
 + Level 3.9 Fighting
 * Level 3.3 Staves
 + Level 3.9 Armour
 + Level 4.8 Shields


You had 4 spell levels left.
You didn't know any spells.
Your spell library contained the following spells:

 Spells                   Type           Power      Damage    Failure   Level
 Shock                    Conj/Air       0%         1d3       80%         1
 Summon Small Mammal      Summ           0%         N/A       80%         1
 Call Canine Familiar     Summ           0%         N/A       99%         3
 Summon Guardian Golem    Hex/Summ       0%         N/A       99%         3
 Volatile Blastmotes      Fire/Tloc      0%         2d10      99%         3
 Airstrike                Air            0%         2d(0-16)  100%        4
 Fulminant Prism          Conj/Hex       0%         3d5       100%        4
 Iskenderun's Mystic Bla  Conj/Tloc      0%         2d3       100%        4
 Orb of Destruction       Conj           0%         9d5       100%        7
 Spellforged Servitor     Conj/Summ      0%         N/A       100%        7
 Swiftness                Air            Unusable   N/A       N/A         3

Dungeon Overview and Level Annotations

Branches:
Dungeon (3/15)

Altars:


Innate Abilities, Weirdness & Mutations

You cannot be hasted, slowed, berserked, paralysed or teleported.
You can dig through walls and to a lower floor.
You have a pair of large antennae on your head. (SInv)
Your four strong arms can wield two-handed weapons with a shield.


Message History

The quokka attacks as it pursues you!
The quokka bites you but does no damage.
The quokka attacks as it pursues you!
The quokka bites you but does no damage.
The quokka barely misses you. The quokka attacks as it pursues you!
The quokka bites you but does no damage.
Things that are here:
a +1 war axe of venom; a +0 chain mail The quokka bites you but does no damage.
The orc priest begins to cast a cantrip, but forgets the words!
The quokka closely misses you. The quokka attacks as it pursues you!
The quokka bites you but does no damage.
The quokka attacks as it pursues you! The quokka bites you.
The quokka bites you but does no damage.
The quokka attacks as it pursues you! You block the quokka's attack.
The quokka bites you but does no damage.
You see here 4 stones.
The quokka attacks as it pursues you! The quokka closely misses you.
The quokka attacks as it pursues you! The quokka barely misses you.
The quokka twitches its whiskers.
The quokka attacks as it pursues you! The quokka misses you.
The quokka bites you. The quokka attacks as it pursues you!
The quokka bites you.
You closely miss the quokka.
The quokka bites you but does no damage.
You hit the quokka but do no damage.
The quokka bites you but does no damage. x2
You thump the quokka!
You kill the quokka!
You have reached level 5!
You closely miss the orc priest.
The orc priest mumbles some strange prayers to Beogh against you.
Beogh smites you!
You sock the orc priest!
The orc priest is severely wounded.
The orc priest invokes the aid of Beogh against you.
Beogh smites you!
You die...

##########
#####........##########
<.....................#
#####.######.########.#
#.# #.########.# #)#
#....@og##.# #.#
#.#####.##.# #.# ##.##
#.##.#
###.#####...####.##.#
#...........#.......#
#.#.........#.##.####
#.###########.##.# #.#
#.##.# #.# #.##.#


You could see an orc priest and a hobgoblin.

Vanquished Creatures
  An orc wizard (D:3)
  2 adders
  A worm (D:3)
  A dart slug (D:3)
  2 orcs (D:3)
  7 endoplasms
  2 giant cockroaches (D:1)
  2 goblins
  6 hobgoblins
  2 jackals (D:1)
  2 quokkas
  6 ball pythons
  A bat (D:3)
  2 frilled lizards
  4 kobolds
  6 rats
47 creatures vanquished.

Notes
Turn   | Place    | Note
-------+----------+-------------------------------------------
     0 | D:1      | Ivernyr the Formicid Fighter began the quest for the Orb.
     0 | D:1      | Reached XP level 1. HP: 18/18 MP: 1/1
   161 | D:1      | Reached XP level 2. HP: 23/24 MP: 2/2
   568 | D:1      | Reached XP level 3. HP: 21/29 MP: 3/3
  1233 | D:3      | Reached XP level 4. HP: 36/37 MP: 4/4
  1516 | D:3      | Reached XP level 5. HP: 31/42 MP: 5/5
  1517 | D:3      | Killed from afar by an orc priest

Illustrated notes

Levels and vault maps discovered:
D:1:      dpeg_arrival_rhombi, layout_basic
D:2:      layout_rooms
D:3:      layout_loops_ring, minmay_increasing_density

Skill      XL: |  1  2  3  4 |
---------------+-------------+-----
Staves         | 3 |  3.3
Fighting       | |  3.9
Armour         | |  3.9
Shields        | |  4.8

Action                     |  1- 3 |  4- 6 || total
---------------------------+-------+-------++-------
  Melee: Quarterstaff      |    90 |    45 ||   135
 Armour: Scale mail        |    45 |    49 ||    94
  Dodge: Dodged            |    42 |    16 ||    58
  Block: Buckler           |    19 |    10 ||    29

Table legend: (Time is in decaauts)
 A = Elapsed time spent in this place.
 B = Non-inter-level travel time spent in this place.
 C = Inter-level travel time spent in this place.
 D = Time resting spent in this place.
 E = Time spent auto-exploring this place.
 F = Levels seen in this place.
 G = Mean time per level.
                   A        B        C        D        E       F      G
               +--------+--------+--------+--------+--------+-----+--------+
         Total |   1542 |   1475 |     67 |     30 |   1017 |   3 |  514.0 |
       Dungeon |   1542 |   1475 |     67 |     30 |   1017 |   3 |  514.0 |
               +--------+--------+--------+--------+--------+-----+--------+

Top non-repeatable levels by time:
     D:1: 707 daAuts
     D:2: 485 daAuts
     D:3: 349 daAuts
